 Dungeon Crawl Stone Soup version 0.28-a0-726-g4a9143789a (webtiles) character file.

Game seed: 11888442730884427339

68 cheechan the Skirmisher (level 4, 0/35 (37) HPs)
             Began as a Formicid Chaos Knight on Oct 27, 2021.
             Was a Plaything of Xom.
             Slain by a hog (shapeshifter) (8 damage)
             ... on level 3 of the Dungeon.
             The game lasted 00:06:08 (2274 turns).

cheechan the Skirmisher (Formicid Chaos Knight)     Turns: 2274, Time: 00:06:09

HP:   0/35 (37)     AC:  6    Str: 17    XL:     4   Next: 41%
MP:   4/4           EV:  6    Int: 12    God:    Xom [..*...]
Gold: 87            SH:  9    Dex: 10    Spells: 3/3 levels left

rFire   . . .      SeeInvis +   a - +0 hand axe (chaos)
rCold   . . .      Faith    .   i - +0 tower shield
rNeg    . . .      Spirit   .   b - +3 leather armour
rPois   .          Reflect  .   (helmet unavailable)
rElec   .          Harm     .   (no cloak)
rCorr   .          Rampage  .   (no gloves)
Will    .....                   (no boots)
Stlth   +.........              (no amulet)
HPRegen 0.11/turn               (no ring)
MPRegen 0.09/turn               (no ring)

@: drained
A: permanent stasis, dig shafts and tunnels, antennae 3, four strong arms
a: Dig, Shaft Self, Renounce Religion


You were on level 3 of the Dungeon.
You worshipped Xom.
You were a toy of Xom.
You visited 1 branch of the dungeon, and saw 3 of its levels.

You collected 87 gold pieces.

Inventory:

Hand Weapons
 a - a +0 hand axe of chaos (weapon)
 m - a +0 mace of draining
Missiles
 e - 69 stones
 j - 6 curare-tipped darts
Armour
 b - a +3 leather armour (worn)
 i - a +0 tower shield (worn)
Magical Staves
 f - a staff of air
Wands
 k - a wand of flame (23)
Potions
 c - a potion of curing {unknown}
 d - 2 potions of haste
 g - a potion of attraction {unknown}
 h - a potion of ambrosia {unknown}
 l - a potion of heal wounds {unknown}


   Skills:
 + Level 4.3 Fighting
 + Level 3.9 Axes
 + Level 2.6 Armour
 + Level 0.9 Dodging


You had 3 spell levels left.
You didn't know any spells.
Your spell library contained the following spells:

 Spells                   Type           Power      Damage    Failure   Level
 Conjure Flame            Conj/Fire      0%         6-21      100%        3
 Ignite Poison            Fire/Tmut/Pois 0%         N/A       100%        3
 Sticky Flame             Conj/Fire      0%         2d3       100%        4


Dungeon Overview and Level Annotations

Branches:
Dungeon (3/15)

Altars:


Innate Abilities, Weirdness & Mutations

You cannot be hasted, slowed, berserked, paralysed or teleported.
You can dig through walls and to a lower floor.
You have a pair of large antennae on your head. (SInv)
Your four strong arms can wield two-handed weapons with a shield.


Message History

You block the dart slug's attack.
You hit the dart slug.
The dart slug changes into a shapeshifter!
The shapeshifter is moderately wounded.
The shapeshifter changes into a hog!
You barely miss the hog. The hog closely misses you.
You slash the hog!
The hog is moderately wounded.
The hog closely misses you. The hog completely misses you.
You hit the hog.
The hog easily resists.
The hog is moderately wounded.
The hog barely misses you. You block the hog's attack.
You hit the hog.
The hog is heavily wounded.
The hog barely misses you. The hog bites you but does no damage.
Your shield prevents you from hitting the hog.
The hog is heavily wounded.
The hog barely misses you. The hog bites you! The hog bites you.
You hit the hog.
The hog flickers and vanishes for a moment.
The hog is heavily wounded.
The hog bites you but does no damage. The hog bites you!
You closely miss the hog.
The hog is heavily wounded.
The hog bites you. You block the hog's attack.
You closely miss the hog.
The hog is heavily wounded.
You block the hog's attack. The hog bites you but does no damage.
You hit the hog. Lightning courses through the hog!
The hog is almost dead.
The hog barely misses you. The hog bites you.
* * * LOW HITPOINT WARNING * * *
You barely miss the hog.
The hog is almost dead.
The hog completely misses you. The hog bites you.
* * * LOW HITPOINT WARNING * * *
You hit the hog but do no damage.
The hog is almost dead.
The hog bites you!
You die...

# # #. )# # #.#
.#... ### #.##...#
..###@....#
#.#.#h##.#
#############.##...
#.............#
.###
#.############# .#
##.##### .#
.......# .#
##.###.# ..
...###.##


You could see a hog shaped shifter (invisible).

Vanquished Creatures
  3 adders
  A worm (D:2)
  A dart slug (D:2)
  An orc (D:3)
  2 ball pythons
  7 endoplasms
  4 goblins
  3 hobgoblins (D:1)
  3 bats (D:2)
  A frilled lizard (D:1)
  4 kobolds (D:1)
  4 rats
  6 bushes (D:1)
40 creatures vanquished.

Notes
Turn   | Place    | Note
-------+----------+-------------------------------------------
     0 | D:1      | cheechan the Formicid Chaos Knight began the quest for the
                  | Orb.
     0 | D:1      | Reached XP level 1. HP: 18/18 MP: 1/1
   114 | D:1      | Reached XP level 2. HP: 18/24 MP: 2/2
   578 | D:1      | XOM: noise
  1056 | D:2      | Reached XP level 3. HP: 30/30 MP: 3/3
  1250 | D:2      | Reached skill level 4 in Fighting
  1256 | D:2      | XOM: smoke on damage
  1537 | D:2      | XOM: silly message
  1553 | D:2      | Reached XP level 4. HP: 34/37 MP: 4/4
  1770 | D:2      | XOM: silly message
  2263 | D:3      | Noticed a shapeshifter
  2263 | D:3      | a dart slug changed into a shapeshifter
  2263 | D:3      | Noticed a hog
  2263 | D:3      | a shapeshifter changed into a hog
  2274 | D:3      | Slain by a hog (shapeshifter)

Illustrated notes

Levels and vault maps discovered:
D:1:      evilmike_arrival_crescent, layout_basic, minmay_hedge_maze, hex_tiny
D:2:      layout_basic, grunt_ministairs_4, uniq_natasha
D:3:      layout_loops_ring, nicolae_overflow_quartered_altars,
          chequers_ecumenical_altar_island

Skill      XL: |  1  2  3 |
---------------+----------+-----
Fighting       | 4 |  4.3
Axes           | |  3.9
Armour         | |  2.6
Dodging        | |  0.9

Action                   |  1- 3 |  4- 6 || total
-------------------------+-------+-------++-------
Melee: Hand axe          |   199 |    43 ||   242
 Abil: Dig               |     2 |       ||     2
  Use: Scroll            |     2 |     1 ||     3
Armor: Leather armour    |    38 |    25 ||    63
Dodge: Dodged            |    48 |    18 ||    66
Block: Tower shield      |     4 |    27 ||    31

Table legend: (Time is in decaauts)
 A = Elapsed time spent in this place.
 B = Non-inter-level travel time spent in this place.
 C = Inter-level travel time spent in this place.
 D = Time resting spent in this place.
 E = Time spent auto-exploring this place.
 F = Levels seen in this place.
 G = Mean time per level.
                   A        B        C        D        E       F      G
               +--------+--------+--------+--------+--------+-----+--------+
         Total |   2335 |   2335 |      0 |    942 |      0 |   3 |  778.3 |
       Dungeon |   2335 |   2335 |      0 |    942 |      0 |   3 |  778.3 |
               +--------+--------+--------+--------+--------+-----+--------+

Top non-repeatable levels by time:
     D:1: 1031 daAuts
     D:2: 960 daAuts
     D:3: 343 daAuts
